 Dungeon Crawl Stone Soup version 0.18.1-48-g4cf74bf (webtiles) character file.

365 sudo the Slasher (level 6, -8/42 HPs)
             Began as a High Elf Fighter on June 28, 2016.
             Was an Initiate of Okawaru.
             Mangled by an ogre
             ... wielding a +0 giant club
              (28 damage)
             ... on level 4 of the Dungeon.
             The game lasted 00:03:58 (3794 turns).

sudo the Slasher (High Elf Fighter)                 Turns: 3794, Time: 00:03:59

Health: -8/42      AC: 10    Str: 22    XL:     6   Next: 40%
Magic:  7/7        EV:  8    Int: 13    God:    Okawaru [......]
Gold:   174        SH: 10    Dex: 14    Spells: 0 memorised, 5 levels left

rFire  + + .     SeeInvis .     a - +0 long sword
rCold  . . .     Gourm    .     b - +0 scale mail
rNeg   . . .     Faith    .     c - +0 shield
rPois  .         Spirit   .     r - +2 hat
rElec  .         Dismiss  .     j - +0 cloak
rCorr  .         Reflect  .     (no gloves)
SustAt .         Harm     .     (no boots)
MR     .....                    (no amulet)
Stlth  ..........               p - ring of protection from fire
                                m - ring of protection from fire

@: mighty, not resistant to hostile enchantments, extremely unstealthy
A: no striking features
a: Renounce Religion


You were on level 4 of the Dungeon.
You worshipped Okawaru.
Okawaru was noncommittal.
You were hungry.

You visited 1 branch of the dungeon, and saw 4 of its levels.

You collected 174 gold pieces.

Inventory:

Hand Weapons
 a - a +0 long sword (weapon)
Armour
 b - a +0 scale mail (worn)
 c - a +0 shield (worn)
 j - a +0 cloak (worn)
 r - a +2 hat (worn)
Jewellery
 m - a ring of protection from fire (left hand)
 o - an uncursed amulet of the gourmand
 p - a ring of protection from fire (right hand)
Wands
 B - a wand of slowing (28/48)
Scrolls
 e - 2 scrolls of teleportation {unknown}
 h - a scroll of noise {unknown}
 k - 3 scrolls of remove curse
 l - 2 scrolls of identify
 n - 2 scrolls of random uselessness {unknown}
 u - a scroll of fog {unknown}
 v - a scroll of magic mapping {unknown}
 w - a scroll of blinking {unknown}
 y - a scroll of enchant weapon {unknown}
Potions
 d - a potion of might
 i - a potion of flight {unknown}
 q - 2 potions of resistance
 t - 2 potions of degeneration
 x - a potion of mutation {unknown}
 z - a potion of curing {unknown}
 A - a potion of heal wounds {unknown}
Comestibles
 f - 2 bread rations
 g - 2 slices of pizza
 s - 6 fruits


   Skills:
 + Level 3.5 Fighting
 * Level 5.2 Long Blades
 + Level 3.9 Armour
 + Level 2.4 Dodging
 + Level 3.6 Shields
 * Level 0.2 Invocations


You had 5 spell levels left.
You didn't know any spells.

Dungeon Overview and Level Annotations

Branches:
Dungeon (4/15)
 Temple: D:4-7

Altars:
Fedhas
Okawaru

Shops:
D:4 (

Annotations:
D:2 exclusion: oklob plant


Message History

You found a teleport trap!
An ogre comes into view. It is wielding a giant club.
The ogre shouts!
The ogre hits you with a giant club!!
An ogre is nearby!
An ogre is nearby!
An ogre is nearby!
Drink which item? (? for menu, Esc to quit)
You feel very mighty all of a sudden. The ogre hits you but does no damage.
Your shield and scale mail prevent you from hitting the ogre.
The ogre hits you with a giant club.
You slash the ogre!
The ogre is moderately wounded.
The ogre hits you but does no damage.
You slash the ogre!
The ogre is severely wounded.
The ogre hits you with a giant club!!
Ouch! That really hurt!
You die...

#.# #..#######..# #.#
#.# #.# #..# #.## #.#
#.# #.###..# #.# #.#
#.# #......# #.# #.#
#.## #####..# #.# #.#
#... ##..# #.#####<#
#### #...#######....
#.#..........#
#.########.@.# #######
#.# #O#.# #....^# #.#
####.#.# #.###.######
#.# #....#.# #.#
#......# #.#
#.####.####.###.####.#
#.# #.#
#.##............. #.#
#.####.##.##...####.##
#.#####.##.#.##.###.##
#.## #.........#....>#
#.# #.##


You could see an ogre.

Vanquished Creatures
  A phantom (D:4)
  3 hounds (D:4)
  3 worker ants (D:4)
  4 adders
  An ooze (D:1)
  3 worms (D:2)
  A dart slug (D:2)
  2 giant geckos (D:4)
  An orc (D:3)
  8 bats
  5 giant cockroaches
  8 goblins
  3 hobgoblins
  7 jackals
  A quokka (D:4)
  A ball python (D:1)
  4 giant newts
  5 kobolds
  7 rats
68 creatures vanquished.

Notes
Turn   | Place    | Note
--------------------------------------------------------------
     0 | D:1      | sudo the High Elf Fighter began the quest for the Orb.
     0 | D:1      | Reached XP level 1. HP: 16/16 MP: 2/2
   102 | D:1      | Reached XP level 2. HP: 20/21 MP: 3/3
   828 | D:2      | Reached skill level 3 in Long Blades
   828 | D:2      | Reached XP level 3. HP: 13/26 MP: 4/4
  1019 | D:2      | Found an iron altar of Okawaru.
  1080 | D:2      | Became a worshipper of Warmaster Okawaru
  1883 | D:2      | Found a blossoming altar of Fedhas.
  1909 | D:2      | Noticed an oklob plant
  2184 | D:3      | Reached XP level 4. HP: 28/31 MP: 5/5
  2963 | D:4      | Reached skill level 4 in Long Blades
  3057 | D:4      | Reached skill level 1 in Dodging
  3101 | D:4      | Reached XP level 5. HP: 28/36 MP: 6/6
  3147 | D:4      | Found Dasapnum's Weapon Emporium.
  3205 | D:4      | Noticed a phantom
  3239 | D:4      | Killed a phantom
  3278 | D:4      | Reached skill level 5 in Long Blades
  3354 | D:4      | Reached XP level 6. HP: 33/42 MP: 7/7
  3794 | D:4      | Mangled by an ogre

Skill      XL: |  1  2  3  4  5 |
---------------+----------------+-----
Armour         | 3 |  3.9
Long Blades    | 3 4 5 |  5.2
Shields        | 3 |  3.6
Dodging        | 1 2 |  2.4
Fighting       | |  3.5
Invocations    | |  0.2

Action                   |  1- 3 |  4- 6 || total
-------------------------+-------+-------++-------
Melee: Long sword        |   164 |   156 ||   320
  Use: Scroll            |       |     4 ||     4
       Potion            |       |     2 ||     2
  Eat: Chunk             |     3 |     6 ||     9
       Pizza             |     1 |       ||     1
Armor: Scale mail        |    70 |    66 ||   136
Dodge: Dodged            |    39 |    49 ||    88
Block: Shield            |    61 |    73 ||   134
